 Dungeon Crawl Stone Soup version 0.29-a0-409-gd843f3a48c (webtiles) character file.

Game seed: 11313029010658570940

10929 Agony the Fighter (level 11, -2/99 HPs)
             Began as a Minotaur Fighter on May 13, 2022.
             Was a High Priest of the Shining One.
             Slain by an orc warrior
             ... wielding a +0 scimitar
              (8 damage)
             ... on level 1 of the Orcish Mines.
             The game lasted 00:27:39 (11411 turns).

Agony the Fighter (Minotaur Fighter)               Turns: 11411, Time: 00:27:41

Health: -2/99      AC: 13    Str: 25    XL:     11   Next: 42%
Magic:  14/14      EV: 14    Int:  5    God:    the Shining One [*****.]
Gold:   1002       SH:  7    Dex: 16    Spells: 10/10 levels left

rFire   x . .      SeeInvis .   B - +1 morningstar
rCold   + + .      Faith    .   c - +0 buckler
rNeg    + + .      Spirit   .   s - +0 ice dragon scales
rPois   +          Reflect  .   (helmet restricted)
rElec   .          Harm     .   (no cloak)
rCorr   .          Rampage  .   (no gloves)
Will    .....                   (no boots)
Stlth   ..........              (no amulet)
HPRegen 0.26/turn               m - +6 ring of dexterity
MPRegen 0.14/turn               A - ring of poison resistance

@: about to teleport, glowing
A: horns 2, retaliatory headbutt
a: Renounce Religion, Divine Shield, Cleansing Flame, Summon Divine Warrior


You were on level 1 of the Orcish Mines.
You worshipped the Shining One.
The Shining One was extremely pleased with you.
You visited 3 branches of the dungeon, and saw 12 of its levels.
You also visited: Ossuary.

You collected 1002 gold pieces.

Inventory:

Hand Weapons
 B - a +1 morningstar (weapon)
 I - a +0 long sword
Missiles
 z - a throwing net
Armour
 b - a +0 scale mail
 c - a +0 buckler (worn)
 s - +0 ice dragon scales (worn)
Jewellery
 m - a +6 ring of dexterity (left hand)
 t - a +6 ring of dexterity
 A - a ring of poison resistance (right hand)
Wands
 f - a wand of paralysis (10)
 k - a wand of polymorph (5)
 C - a wand of flame (40)
 J - a wand of iceblast (8)
Scrolls
 h - a scroll of poison {unknown}
 j - a scroll of brand weapon {unknown}
 l - 5 scrolls of teleportation
 p - 2 scrolls of enchant weapon
 r - a scroll of enchant armour {unknown}
 u - a scroll of immolation
 v - a scroll of noise
 x - a scroll of acquirement {unknown}
 y - a scroll of vulnerability {unknown}
 D - a scroll of torment {unknown}
 G - a scroll of blinking {unknown}
 H - a scroll of amnesia {unknown}
 L - a scroll of identify
Potions
 a - 2 potions of magic
 d - 3 potions of brilliance
 e - 11 potions of curing
 g - a potion of mutation {unknown}
 i - a potion of haste {unknown}
 n - 3 potions of resistance
 o - a potion of cancellation {unknown}
 w - 2 potions of berserk rage
 E - 2 potions of flight {unknown}
 F - 2 potions of lignification


   Skills:
 + Level 9.8 Fighting
 + Level 9.4 Maces & Flails
 + Level 9.8 Armour
 + Level 8.2 Dodging
 + Level 9.8 Shields
 + Level 6.6 Invocations


You had 10 spell levels left.
You didn't know any spells.
Your spell library contained the following spells:

 Spells                   Type           Power      Damage    Failure   Level
 Apportation              Tloc           0%         N/A       83%         1
 Summon Small Mammal      Summ           0%         N/A       83%         1
 Sublimation of Blood     Necr           0%         N/A       93%         2
 Call Canine Familiar     Summ           0%         N/A       99%         3
 Dazzling Flash           Conj/Hex       0%         N/A       99%         3
 Frozen Ramparts          Ice            0%         1d2       99%         3
 Summon Guardian Golem    Hex/Summ       0%         N/A       99%         3
 Animate Armour           Summ/Erth      0%         N/A       100%        4
 Ice Form                 Ice/Tmut       0%         N/A       100%        4
 Petrify                  Tmut/Erth      0%         N/A       100%        4
 Summon Ice Beast         Ice/Summ       0%         N/A       100%        4
 Agony                    Necr           0%         N/A       100%        5
 Alistair's Intoxication  Tmut/Pois      0%         N/A       100%        5
 Blade Hands              Tmut           0%         N/A       100%        5
 Irradiate                Conj/Tmut      0%         3d13      100%        5
 Silence                  Hex/Air        0%         N/A       100%        5
 Summon Forest            Summ/Tloc      0%         N/A       100%        5
 Eringya's Noxious Bog    Tmut/Pois      0%         N/A       100%        6
 Iron Shot                Conj/Erth      0%         9d1       100%        6
 Summon Hydra             Summ           0%         N/A       100%        7


Dungeon Overview and Level Annotations

Branches:
Dungeon (10/15)            Temple (1/1) D:4             Orc (1/2) D:10
Ossuary (visited)
   Lair: D:8-11

Altars:
Ashenzari
Cheibriados
Dithmenos
Elyvilon
Fedhas
Hepliaklqana
Kikubaaqudgha
Makhleb
Nemelex Xobeh
Qazlal
Ru
Sif Muna
Trog
Uskayaw
Vehumet
Xom
Yredelemnul
Zin
The Shining One

Shops:
D:1 (   D:5 =   D:8 (   D:10 (   Orc:1 (

Annotations:
D:6 2 transporters, bgiannan's ghost, novice MiBe
D:7 1 runed translucent door, anet's ghost, novice MiBe


Innate Abilities, Weirdness & Mutations

You have a pair of horns on your head.
You reflexively headbutt those who attack you in melee.


Message History

Press: ? - help, Dir - look around, f - activate You fail to use your ability.
The orc barely misses you. You block the orc wizard's attack.
The orc hits you with a +0 hand axe.
* * * LOW HITPOINT WARNING * * *
The orc warrior hits you but does no damage.
The orc closely misses you. The orc warrior barely misses you.
You thump the orc wizard!
You kill the orc wizard!
The orc barely misses you. The orc misses you. You furiously retaliate!
You headbutt the orc. The orc warrior barely misses you.
The orc hits you but does no damage. The orc warrior closely misses you.
You hit the orc.
The orc is lightly wounded.
The orc closely misses you. You block the orc's attack.
The orc warrior misses you. You block the orc's attack.
The orc warrior hits you with a +0 scimitar.
* * * LOW HITPOINT WARNING * * *
You closely miss the orc warrior.
You headbutt the orc warrior, but do no damage.
The orc warrior is almost dead.
The orc hits you but does no damage. The orc closely misses you.
The orc warrior hits you but does no damage.
You block the orc's attack.
The orc warrior hits you with a +0 scimitar.
* * * LOW HITPOINT WARNING * * *
As you read the scroll of teleportation, it crumbles to dust.
You feel strangely unstable. The orc hits you with a +0 club.
* * * LOW HITPOINT WARNING * * *
You block the orc's attack.
The orc warrior hits you but does no damage.
The orc hits you but does no damage.
The orc warrior hits you with a +0 scimitar.
* * * LOW HITPOINT WARNING * * *
You puncture the orc warrior!
You kill the orc warrior!
The orc hits you with a +0 club.
* * * LOW HITPOINT WARNING * * *
The orc hits you but does no damage. The orc closely misses you.
The orc warrior hits you with a +0 scimitar!
You die...

**,*,,,,,*,,,.......).))[.....
*,,,**#...#..........)........
**,,,**#............#........##
**,,,,,.#..............#......#.
*,,,,,,.................#.......
**,,*,,*,#....#......##.#...#....
*,,,,,,,.#..........#*####.......
,,,,,,,,.......o...#######..#...#
*,,,,,,,...#...o@)..##.#.......##
*,,,,,,,......))oo..#.........##
*,,,,,,,.........#..#........##
,,,,,,,,.............#.#....##
*,*,,,,,..>.........######.##
****,,,,...........## ###
**,,,..........##
*,,,,........### **,,,......###
**


You could see an orc warrior and 3 orcs.

Vanquished Creatures
  Pikel (D:6)
  An orc knight (Orc:1)
  An orc sorcerer (Orc:1)
  A manticore (D:7)
  A komodo dragon (D:10)
  A hornet (D:8)
  Grinder (D:6)
  A wyvern (D:10)
  Sigmund (D:6)
  17 yaks
  Eustachio (D:6)
  Menkaure (D:5)
  2 steam dragons
  4 wargs
  Edmund (D:5)
  6 orc warriors
  A sky beast (D:7)
  5 ogres (Orc:1)
  3 centaurs
  A phantom (D:5)
  2 lemures (D:6)
  4 bullfrogs
  An elf zombie (D:5)
  A gnoll sergeant (D:8)
  4 scorpions
  21 wights
  5 killer bees (D:9)
  10 howler monkeys
  5 hounds
  A human zombie (D:5)
  4 orc priests
  4 gnoll shamans
  A human skeleton (D:5)
  Jessica (D:3)
  3 iguanas
  10 orc wizards
  8 mummies (Ossuary)
  5 adders
  21 gnolls
  A shadow imp (D:6)
  3 white imps
  An ufetubus (D:6)
  A worm (D:2)
  2 dart slugs
  43 orcs
  7 endoplasms
  3 giant cockroaches
  3 gnoll zombies (Ossuary)
  7 goblins
  5 hobgoblins
  3 jackals (D:3)
  12 kobolds
  3 quokkas
  8 ball pythons
  A bat (D:3)
  6 frilled lizards
  A hobgoblin zombie (Ossuary)
  A kobold zombie (Ossuary)
  3 orc skeletons (D:5)
  3 orc zombies (Ossuary)
  7 rats
286 creatures vanquished.

Vanquished Creatures (others)
  An orc wizard (D:8)
  2 orcs (D:8)
  2 withered plants (D:7)
5 creatures vanquished.

Grand Total: 291 creatures vanquished

Notes
Turn   | Place    | Note
-------+----------+-------------------------------------------
     0 | D:1      | Agony the Minotaur Fighter began the quest for the Orb.
     0 | D:1      | Reached XP level 1. HP: 19/19 MP: 0/0
    45 | D:1      | Found a faded altar of an unknown god.
   194 | D:1      | Found Kenal's Antique Weapon Shoppe.
   233 | D:1      | Reached XP level 2. HP: 24/27 MP: 1/1
   441 | D:1      | Reached skill level 1 in Dodging
  1127 | D:2      | Reached XP level 3. HP: 33/33 MP: 2/2
  1249 | D:2      | Found a sacrificial altar of Ru.
  1669 | D:3      | Noticed Jessica
  1680 | D:3      | Killed Jessica
  1681 | D:3      | Reached XP level 4. HP: 32/40 MP: 3/3
  2686 | D:4      | Reached XP level 5. HP: 41/47 MP: 4/4
  2934 | D:4      | Found a staircase to the Ecumenical Temple.
  2954 | D:4      | Reached XP level 6. HP: 30/55 MP: 5/5
  2963 | Temple   | Entered the Ecumenical Temple
  3350 | Temple   | Became a worshipper of the Shining One
  3930 | D:4      | Reached skill level 5 in Fighting
  3930 | D:4      | Reached skill level 5 in Shields
  3933 | D:4      | Identified the +4 leather armour of Depression {+Blink}
  4011 | D:5      | Entered Level 5 of the Dungeon
  4046 | D:5      | Reached skill level 5 in Armour
  4069 | D:5      | Found a sand-covered staircase.
  4074 | Ossuary  | Entered an ossuary
  4076 | Ossuary  | Reached * piety under the Shining One
  4115 | Ossuary  | Reached XP level 7. HP: 33/61 MP: 3/6
  4474 | D:5      | Reached ** piety under the Shining One
  4529 | D:5      | Reached skill level 1 in Invocations
  4571 | D:5      | Noticed Menkaure
  4574 | D:5      | Reached skill level 5 in Maces & Flails
  4582 | D:5      | Killed Menkaure
  4758 | D:5      | Reached XP level 8. HP: 63/70 MP: 8/8
  5119 | D:5      | Noticed Edmund
  5123 | D:5      | Killed Edmund
  5451 | D:5      | Found Beibionk's Jewellery Emporium.
  5540 | D:5      | Found a blossoming altar of Fedhas.
  5768 | D:6      | Noticed Pikel
  5793 | D:6      | Killed Pikel
  5830 | D:6      | Reached skill level 5 in Dodging
  5939 | D:6      | Noticed Sigmund
  6048 | D:6      | Noticed bgiannan's ghost (novice MiBe)
  6093 | D:6      | Found a transporter.
  6115 | D:6      | Found a transporter.
  6142 | D:6      | Killed Sigmund
  6196 | D:6      | Reached *** piety under the Shining One
  6200 | D:6      | Noticed Eustachio
  6208 | D:6      | Reached XP level 9. HP: 57/79 MP: 10/10
  6435 | D:6      | Noticed Grinder
  6435 | D:6      | Paralysed by Grinder for 3 turns
  6447 | D:6      | Killed Grinder
  6545 | D:6      | Killed Eustachio
  7172 | D:7      | Reached **** piety under the Shining One
  7179 | D:7      | Reached XP level 10. HP: 87/88 MP: 12/12
  7377 | D:7      | Noticed a manticore
  7386 | D:7      | Killed a manticore
  7387 | D:7      | Reached skill level 5 in Invocations
  7682 | D:7      | Found a runed translucent door.
  7682 | D:7      | Noticed anet's ghost (novice MiBe)
  8269 | D:8      | HP: 1/90 [hornet (12)]
  8651 | D:8      | Found Lacrac's Weapon Shoppe.
  9746 | D:9      | Reached XP level 11. HP: 30/97 MP: 14/14
 10407 | D:10     | Entered Level 10 of the Dungeon
 10519 | D:10     | Found Zeosk's Weapon Emporium.
 10531 | D:10     | Reached ***** piety under the Shining One
 10657 | D:10     | Noticed a two-headed ogre
 10707 | D:10     | Found a staircase to the Orcish Mines.
 10788 | Orc:1    | Entered Level 1 of the Orcish Mines
 10788 | Orc:1    | Noticed an orc knight
 10788 | Orc:1    | Noticed an orc sorcerer
 10795 | Orc:1    | Killed an orc knight
 10795 | Orc:1    | Paralysed by an orc sorcerer for 2 turns
 10799 | Orc:1    | Noticed a soul eater
 10799 | Orc:1    | Killed an orc sorcerer
 11339 | Orc:1    | Found Gek Usuo's Weapon Shoppe.
 11411 | Orc:1    | Slain by an orc warrior

Illustrated notes

Levels and vault maps discovered:
D:1:      dpeg_arrival_leaves_temple_mockup, layout_basic, serial_shops, shop,
          hellmonk_ecumenical_altar_prayer_group, kennysheep_decorative_pillar,
          kennysheep_pointless_box
D:2:      layout_rooms, basic_altar, minmay_fountain_box
D:3:      layout_loops_ring, uniq_jessica
D:4:      layout_loops_ring, minmay_temple_entry_stoned_glass
D:5:      layout_basic, mainiacjoe_overflow_alcove_1,
          nicolae_ossuary_entry_catacombs, serial_shops, nicolae_shop_crystal,
          chequers_arboretum, minmay_misc_feat_square, uniq_menkaure,
          uniq_edmund
D:6:      layout_basic, gammafunk_ghost_stat_death, uniq_grinder,
          uniq_eustachio, uniq_pikel, uniq_sigmund
D:7:      layout_basic, gammafunk_ghost_grave
D:8:      layout_rooms, serial_shops, nicolae_shop_competitors_out_of_business
D:9:      layout_rooms, grunt_decor_one_mirror
D:10:     layout_roguey, kennysheep_okawaru_gauntlet,
          minmay_orc_entry_guard_dogs, serial_shops, shop,
          minmay_fractal_squares_gapless_5
Temple:   mainiacjoe_temple_cubbyholes
Orc:1:    layout_caves, portal_ice_cave_entry_pillars_2, serial_shops, shop,
          uniq_snorg

Skill      XL: |  1  2  3  4  5  6  7  8  9 10 11 |
---------------+----------------------------------+-----
Dodging        | 1 2 3 4 5 6 7 8 |  8.2
Armour         | 4 5 7 8 9 |  9.8
Fighting       | 4 5 6 7 8 9 |  9.8
Shields        | 4 5 6 7 8 9 |  9.8
Maces & Flails | 3 4 5 6 7 8 9 |  9.4
Invocations    | 2 3 4 6 |  6.6

Action                   |  1- 3 |  4- 6 |  7- 9 | 10-12 || total
-------------------------+-------+-------+-------+-------++-------
Melee: Flail             |    75 |   151 |    60 |       ||   286
       Headbutt          |    12 |    31 |    62 |    87 ||   192
       Morningstar       |       |       |   139 |   256 ||   395
Invok: Divine Shield     |       |     1 |       |     1 ||     2
       Cleansing Flame   |       |       |       |     2 ||     2
Evoke: Wand              |       |     5 |       |       ||     5
  Use: Scroll            |       |     1 |     8 |     8 ||    17
       Potion            |       |     2 |     1 |     5 ||     8
Armor: Scale mail        |    29 |    16 |       |       ||    45
       Ice dragon scales |       |    35 |    46 |   130 ||   211
Dodge: Dodged            |    38 |    63 |    91 |   218 ||   410
Block: Buckler           |    13 |    45 |    57 |   120 ||   235

Table legend: (Time is in decaauts)
 A = Elapsed time spent in this place.
 B = Non-inter-level travel time spent in this place.
 C = Inter-level travel time spent in this place.
 D = Time resting spent in this place.
 E = Time spent auto-exploring this place.
 F = Levels seen in this place.
 G = Mean time per level.
                   A        B        C        D        E       F      G
               +--------+--------+--------+--------+--------+-----+--------+
         Total |  11549 |  10999 |    550 |   2850 |   6287 |  13 |  888.4 |
       Dungeon |  10410 |   9934 |    476 |   2548 |   5768 |  10 | 1041.0 |
        Temple |    455 |    381 |     74 |      0 |    360 |   1 |  455.0 |
  Orcish Mines |    289 |    289 |      0 |    110 |     70 |   1 |  289.0 |
       Ossuary |    394 |    394 |      0 |    192 |     89 |   1 |  394.0 |
               +--------+--------+--------+--------+--------+-----+--------+

Top non-repeatable levels by time:
     D:7: 1522 daAuts
     D:8: 1513 daAuts
     D:5: 1315 daAuts
     D:1: 1128 daAuts
     D:6: 1043 daAuts
     D:4: 982 daAuts
     D:3: 968 daAuts
    D:10: 721 daAuts
     D:9: 687 daAuts
     D:2: 526 daAuts
  Temple: 455 daAuts
 Ossuary: 394 daAuts
   Orc:1: 289 daAuts
